 Dungeon Sprint DCSS version 0.05.1-2-g93bfe95158 (webtiles) character file.

Game seed: 4464483395815188717, levelgen mode: deterministic

16 diana the Chiller (level 2, 0/21 HPs) Octopode Ice Elementalist. Began on May 29, 2021. Was an Initiate of Vehumet. Slain by a polar bear (2 damage) ... in the Dungeon (Sprint V: "Ziggurat Sprint"). The game lasted 00:01:10 (82 turns).

diana the Chiller (Octopode Ice Elementalist)         Turns: 82, Time: 00:01:10

Health: 0/21       AC:  1    Str: 17    XL:     2 ^: 11
Magic:  7/7        EV: 16    Int: 27    God:    Vehumet [0* [22]]
Gold:   0          SH:  0    Dex: 22    Spells: 8/9 levels left

rFire    + + .     Vision   .   C - +7 great mace "Firestarter" {inner flame, rF++}
rCold    . . .     Gourm    .   (no weapon)
rNeg     . . .     Faith    .   (helmet restricted)
rPois    .         Spirit   .   (no amulet)
rElec    .         Reflect  .   s - ring of dexterity
rCorr    .         Harm     .   t - ring of dexterity
MR       .....     NoTele   +   u - ring of intelligence
Stlth    +++++.....             v - ring of intelligence
HPRegen  0.17/turn              w - ring of strength
MPRegen  0.17/turn              x - ring of strength
                                (no ring)
                                (no ring)

@: no status effects
A: almost no armour, stealthy swim, amphibious, 8 rings, constrict 8, camouflage
1, AC +1
a: Renounce Religion


You were in the Dungeon.
You worshipped Vehumet.
Vehumet was noncommittal.
You were not hungry.

You visited 1 branch

Inventory:

Weapons
 C - the +7 great mace "Firestarter" (weapon) {inner flame, rF++}
   (You found it in the Dungeon)

   Its malleable surface is completely molten, allowing it to meld around and
   partially ignore armour.
   Causes less base damage than a standard weapon; but partially ignores enemy's
   defense and burns causing additional damage to those that don't resist heat.
   It greatly protects you from fire.
Magical Staves
 B - the +6 Majin-Bo {vampiric, corrupt archmagi; MP+6 Int+6}
   (You found it in the Dungeon)

   [staff of ]

   Base accuracy: +5 Base damage: 5 Base attack delay: 1.2 This weapon's minimum
   attack delay (0.6) is reached at skill level 12.
   The minimum and maximum damage of damaging spells cast with this staff are
   significantly increased.
   It falls into the 'Staves' category.
   It is one handed.
   Its enchantment grants additive spellpower to the spells it enhances.
Jewellery
 s - a ring of dexterity (left tentacle)
 t - a ring of dexterity (right tentacle)
 u - a ring of intelligence (on tentacle)
 v - a ring of intelligence (on tentacle)
 w - a ring of strength (on tentacle)
 x - a ring of strength (on tentacle)
Wands
 y - a wand of disintegration (7)
 z - a wand of iceblast (7)
 A - a wand of acid (7)
Scrolls
 h - 4 scrolls of blinking
 n - 4 scrolls of amnesia
 o - 7 scrolls of fog
 p - a scroll of holy word
 q - 5 scrolls of bless item
 r - 2 scrolls of fear
Potions
 a - 2 potions of brilliance
 c - 10 potions of curing
 d - 10 potions of heal wounds
 e - 6 potions of haste
 f - 7 potions of magic
 g - 3 potions of berserk rage
 i - 2 potions of invisibility
 j - 4 potions of resistance
 l - 5 potions of agility
 m - 5 potions of might
Miscellaneous
 D - a lightning rod (3/4)
 E - a crystal ball of energy
Comestibles
 b - 7 rations


   Skills:
 + Level 3.0 Fighting
 + Level 3.1 Maces & Staves
 + Level 4.1 Dodging
 - Level 2.6 Stealth
 + Level 4.2 Spellcasting
   Level 1.1 Summonings
 + Level 4.7 Ice Magic
 + Level 3.2 Evocations


You had 8 spell levels left.
You knew the following spells:

 Your Spells              Type           Power        Failure   Level  Hunger
a - Freeze                Ice            25 (25)      1%          1    None

Your spell library contained the following spells:

 Spells                   Type           Power        Failure   Level  Hunger
 Throw Frost              Ice            31 (50)      1%          2    None
 Ozocubu's Armour         Chrm/Ice       18 (100)     9%          3    ##.....
 Hailstorm                Ice            31 (100)     11%         4    ####...
 Throw Icicle             Ice            31 (100)     11%         4    ####...
 Summon Ice Beast         Ice/Summ       21 (100)     24%         4    ####...


Dungeon Overview and Level Annotations

Branches:
Dungeon (1/1)

Altars:
Ashenzari
Cheibriados
Dithmenos
Elyvilon
Fedhas Madash
Gozag Ym Sagoz
Hepliaklqana
Kikubaaqudgha
Makhleb
Nemelex Xobeh
Okawaru
Qazlal
Ru
Sif Muna
Trog
Uskayaw
Vehumet
Wu Jian
Xom
Yredelemnul
Zin
The Shining One Bahamut & Tiamat
Beogh
Jiyva
Lugonu

Annotations:
D 1 transporter


Innate Abilities, Weirdness & Mutations

You cannot wear most types of armour.
You are very stealthy in the water. (Stealth+)
Your gelatinous body is resilient. (AC +1, EV +1)
You are amphibious.
You can wear up to eight rings at the same time.
You can use your tentacles to constrict five enemies at once.
Your skin changes colour to match your surroundings (Stealth++).


Message History

The thunderbolt hits the polar bear (13)!
The polar bear is moderately wounded. (31/44) HP Unknown command.
Unknown command.
Evoke which item? (* to show all) (? for menu, Esc to quit)
Aiming: Thunderbolt
Press: ? - help, Shift-Dir - straight line, f/p - polar bear
Aim: a polar bear (moderately wounded (31/44))
The thunderbolt hits the white imp (13)!
You kill the white imp!
Vehumet accepts your kill.
Your lightning rod (4/4) has regained one charge.
Your Fighting skill increases to level 3!
The thunderbolt hits the polar bear (9)!
The polar bear is heavily wounded. (22/44) HP The polar bear bites you (19)!!
Ouch! That really hurt!
* * * LOW HITPOINT WARNING * * *
The polar bear barely misses you (0). The polar bear claws you (2).
You die...

▓▓▓▓▓▓▓
▓.8©8.▓
▓.....▓
▓.".}.▓
▓.....▓
▓..h..▓
▓..@..▓
▓▓▓▓▓▓▓


You could see a polar bear.

Vanquished Creatures
  A white imp (D)
1 creature vanquished.

Notes
Turn   | Place    | Note
-------+----------+-------------------------------------------
     0 | D        | diana the Octopode Ice Elementalist began the quest for the
                  | Orb.
     0 | D        | Reached XP level 1. HP: 11/11 MP: 3/3
     0 | D        | Found a shimmering blue altar of Sif Muna.
     0 | D        | Found a sacrificial altar of Ru.
     0 | D        | Found a bloodstained altar of Trog.
     0 | D        | Found a stormy altar of Qazlal.
     0 | D        | Found an iron altar of Okawaru.
     0 | D        | Found a sparkling altar of Nemelex Xobeh.
     0 | D        | Found a blossoming altar of Fedhas.
     1 | D        | Found the +6 Majin-Bo {vampiric, corrupt archmagi; MP+6
                  | Int+6}
     1 | D        | Found the +9 ballista "Sniper" {velocity, Acc+∞ +Vis}
     1 | D        | Found the +10 dark maul {crush}
     1 | D        | Found the +15 Maxwell's patent armour {-Cast -Tele rElec
                  | MR+ rCorr}
     1 | D        | Found the +18 shield of the Gong {rElec rN+ MR+ EV-5}
     1 | D        | Found the +14 obsidian axe {chop, +Fly +Vis Soulbond}
     1 | D        | Found the +7 great mace "Firestarter" {inner flame, rF++}
     1 | D        | Found the +6 shillelagh "Devastator" {shatter}
     1 | D        | Found the +11 plutonium sword {*Contam Stlth-}
     1 | D        | Found the +8 lance "Wyrmbane" {slay drac, rPois rF+ rC+
                  | AC+3}
     1 | D        | Found the +9 sword of Zonguldrok {reap}
     1 | D        | Found the +13 scythe of Curses {drain, Soulbond}
     1 | D        | Found the +0 sword of Power
     1 | D        | Found the +7 mace of Variability {chain chaos}
     1 | D        | Found the +7 Singing Sword {slice, sonic wave}
     1 | D        | Found the +8 storm bow {elec, penet}
     2 | D        | Found a transporter.
     2 | D        | Found an ancient bone altar of Kikubaaqudgha.
     2 | D        | Found a viscous altar of Jiyva.
     2 | D        | Found a corrupted altar of Lugonu.
     2 | D        | Found a hazy altar of Hepliaklqana.
     2 | D        | Found a burning altar of Makhleb.
     2 | D        | Found an opulent altar of Gozag.
    49 | D        | Became a worshipper of Vehumet
    55 | D        | Reached XP level 2. HP: 20/20 MP: 4/7
    80 | D        | Entered arena 2.
    80 | D        | Noticed a polar bear
    80 | D        | Found a transporter.
    82 | D        | Slain by a polar bear

Levels and vault maps discovered:
D:        sprint_v [room_start, room_1, room_2, room_3, room_4, room_5, room_6,
          room_7, room_8, room_9, room_10, room_11, room_12, room_13, room_14,
          room_15, room_16, room_17, room_18, room_19, room_20, room_21,
          room_22, room_23, room_24, room_25, room_26, room_27]

Skill      XL: |  1  2 |
---------------+-------+-----
Fighting       | 2 3 |  3.0
Maces & Staves | 3 |  3.1
Dodging        | 4 |  4.1
Spellcasting   | 4 |  4.2
Ice Magic      | 4 |  4.7
Evocations     | 3 |  3.2
Stealth        | |  2.6
Summonings     | |  1.1

Action                   || total
-------------------------++-------
Evoke: Lightning rod     ||     2
  Use: Potion            ||     1
Dodge: Dodged            ||     1
